Map: Fields of Shazir

Players

BlackNova - Winner!

  • Race: Terran Terran
  • Spawn Location: 5:00

Metasapien - Winner!

  • Race: Zerg Zerg
  • League: Platinum
  • Spawn Location: 3:00

Stealth - Winner!

  • Race: Terran Terran
  • Spawn Location: 3:00

wawa

  • Race: Protoss Protoss
  • League: Silver
  • Spawn Location: 9:00

AffIuent

  • Race: Protoss Protoss
  • Spawn Location: 9:00

Jake

  • Race: Terran Terran
  • Spawn Location: 7:00

VOD

Have the link to the VOD?

Description

Time

  • Played on: Sept. 22, 2017, 8:55 p.m.
  • Length: 24:41
Show
View Real Time Build Order
Export as new Build Order

BlackNova Terran - Winner!

Build Orders: Liberator Opening 

Get SALT Encoding   

  12  0:01  SCV  
  13  0:13  SCV  
  14  0:25  SCV  
  14  0:28  Supply Depot  
  15  0:48  Refinery  
  15  0:49  SCV  
  16  0:53  Barracks  
  16  1:01  SCV  
  17  1:13  SCV  
  17  1:15  Refinery  
  18  1:26  SCV  
  19  1:36  Supply Depot  
  19  1:38  Barracks  
  19  1:46  Supply Depot  
  19  1:59  Factory  
  19  2:11  Orbital Command  
  19  2:42  Widow Mine  
  21  2:48  Starport  
  20  3:04  Marine x2  
  22  3:08  Liberator  
  22  3:16  Factory Reactor  
  22  3:21  Marine  
  22  3:22  Marine  
  27  3:30  Supply Depot  
  27  3:39  Marine x2  
  29  3:43  SCV  
  30  4:03  Command Center  
  30  4:08  Supply Depot  
  30  4:25  Cyclone x2  
  36  4:56  Supply Depot  
  36  4:57  Cyclone x2  
  39  5:29  Cyclone x2  
  45  5:38  Marine x2  
  47  5:50  Orbital Command  
  47  5:56  Marine x2  
  46  6:14  Marine  
  46  6:18  Liberator x2  
  38  7:18  Viking x2  
  36  7:33  SCV  
  37  7:41  Refinery  
  37  7:44  Refinery  
  37  7:45  SCV  
  37  7:48  Viking  
  40  7:57  SCV  
  41  8:09  SCV  
  39  8:36  SCV  
  39  8:37  Viking x2  
  40  8:48  SCV  
  38  9:00  SCV  
  39  9:07  Viking x2  
  43  9:12  SCV  
  44  9:23  Marine x2  
  46  9:24  SCV  
  47  9:36  SCV  
  47  9:37  Viking x2  
  52  9:41  Marine x2  
  54  9:48  SCV  
  54  9:50  Liberator x2  
  55  9:59  Marine x2  
  57  10:01  SCV  
  57  10:13  SCV  
  56  10:16  Marine  
  56  10:17  Marine  
  58  10:25  SCV  
  59  10:32  Liberator  
  59  10:34  Marine x2  
  59  10:37  SCV  
  59  10:39  Factory Tech Lab  
  59  10:44  Factory  
  58  10:52  Marine x2  
  63  11:02  Siege Tank  
  63  11:03  Engineering Bay  
  66  11:05  Viking  
  66  11:10  Marine  
  69  11:24  Supply Depot  
  69  11:29  Starport  
  69  11:46  Viking x2  
  73  11:59  Supply Depot  
  73  12:00  Barracks Tech Lab  
  73  12:06  Barracks Reactor  
  73  12:16  Viking x2  
  73  12:18  Supply Depot  
  77  12:23  Starport Reactor  
  77  12:44  Armory  
  77  12:46  Viking x2  
  81  13:03  Viking x2  
  85  13:16  Viking x2  
  89  13:26  Stimpack  
  89  13:27  Marine x3  
  89  13:33  Viking  
  94  13:39  Factory Tech Lab  
  94  13:45  Marine  
  94  13:58  Supply Depot  
  93  14:13  Marine  
  94  14:20  Viking x4  
  102  14:52  Supply Depot  
  102  14:54  Supply Depot  
  102  15:13  Marine x3  
  105  15:31  Marine x3  
  99  15:49  Marine x3  
  73  16:07  Marine x3  
  74  16:25  Marine x3  
  77  16:28  Supply Depot  
  77  16:29  Supply Depot  
  76  16:42  Marine x3  
  79  17:00  Marine x3  
  58  17:18  Viking, Marine x3  
  60  17:36  Marine x3  
  63  17:40  Viking x2  
  67  17:54  Marine x3  
  68  18:11  Marine x3  
  71  18:29  Marine x3  
  74  18:39  Viking x2  
  76  18:47  Marine x3  
  59  19:00  Viking  
  61  19:03  Viking  
  61  19:05  Marine x3  
  66  19:23  Marine x3  
  68  19:39  Viking  
  68  19:41  Marine x3  
  73  19:58  Marine x3  
  74  20:16  Marine x3  
  73  20:34  Marine x3  
  76  20:52  Marine  
  77  21:17  Marine x3  
  80  21:35  Marine x3  
  83  21:52  Marine  
  83  21:53  Marine x2  
  86  22:10  Marine x2  
  86  22:11  Marine  
  89  22:23  Orbital Command  
  87  23:33  Marine x3  
  88  23:44  Orbital Command  
  88  23:51  Marine x3  
  91  24:06  Refinery  
  91  24:09  Refinery, Marine x3  
  94  24:13  SCV  
  95  24:25  SCV  
  99  24:37  Command Center  
Show
View Real Time Build Order
Export as new Build Order

Metasapien Zerg - Winner!

Build Orders: Pool First 

Get SALT Encoding   

  12  0:11  Drone  
  13  0:24  Spawning Pool  
  13  0:26  Drone  
  13  0:33  Extractor  
  13  0:34  Drone  
  13  0:45  Drone  
  14  0:52  Overlord  
  14  0:55  Drone, Extractor  
  15  1:10  Drone x2  
  17  1:22  Drone  
  18  1:38  Drone  
  19  1:42  Drone  
  19  1:43  Hatchery  
  19  1:58  Drone  
  20  2:08  Drone  
  21  2:16  Hatchery  
  20  2:25  Drone  
  20  2:26  Drone  
  22  2:34  Roach Warren  
  22  2:36  Zergling x2  
  22  2:49  Overlord  
  22  2:54  Queen, Extractor  
  23  3:03  Queen  
  23  3:04  Drone  
  26  3:08  Drone  
  26  3:10  Drone  
  28  3:15  Drone  
  29  3:22  Drone  
  30  3:29  Drone, Queen  
  30  3:32  Drone  
  34  3:38  Overlord  
  34  3:42  Drone x2  
  36  3:53  Lair  
  36  3:55  Drone  
  37  3:57  Drone x2  
  39  4:04  Drone  
  39  4:05  Extractor  
  39  4:18  Drone x2  
  39  4:20  Drone x3  
  39  4:21  Drone x3  
  39  4:22  Overlord  
  47  4:32  Drone  
  47  4:33  Drone  
  47  4:35  Overlord  
  47  4:37  Overlord  
  49  4:41  Drone x2  
  51  4:52  Hydralisk Den  
  50  4:53  Spore Crawler  
  50  4:59  Drone  
  50  5:00  Drone x3, Extractor  
  50  5:01  Drone  
  50  5:02  Drone x3  
  50  5:06  Extractor  
  55  5:09  Extractor  
  50  5:15  Overlord, Roach x2  
  50  5:16  Roach x2  
  51  5:24  Roach  
  51  5:25  Roach x2  
  57  5:28  Overlord  
  57  5:34  Zergling x6  
  57  5:35  Zergling x2  
  61  5:38  Ravager  
  61  5:39  Ravager  
  63  5:43  Hydralisk x2  
  65  5:52  Overlord x2  
  65  5:55  Hydralisk  
  67  6:03  Drone  
  67  6:04  Drone  
  69  6:05  Drone  
  69  6:06  Drone  
  71  6:12  Spine Crawler  
  69  6:21  Metabolic Boost  
  67  6:29  Hydralisk x2  
  67  6:31  Roach, Hydralisk  
  67  6:32  Roach  
  53  6:47  Queen x2  
  53  6:48  Hydralisk  
  53  6:49  Hydralisk  
  53  6:50  Roach  
  53  6:51  Zergling x2  
  58  7:03  Hydralisk  
  58  7:04  Zergling x4, Hydralisk x2  
  60  7:17  Spine Crawler  
  51  7:26  Queen  
  51  7:27  Hydralisk x2  
  46  7:40  Overlord x2  
    9:06  Drone  
    9:07  Drone x3  
  3  9:52  Hatchery  
  2  9:59  Hatchery  
  1  11:04  Drone  
  2  11:14  Drone  
  3  11:18  Drone  
  4  11:27  Drone  
  5  11:34  Spawning Pool  
  5  11:36  Drone  
  5  11:54  Drone  
  5  11:55  Drone x2  
  5  11:56  Drone x2  
  10  12:07  Drone  
  11  12:09  Drone  
  12  12:17  Drone  
  12  12:18  Drone  
  12  12:20  Queen  
  16  12:31  Queen  
  18  12:37  Drone  
  18  12:40  Drone  
  18  12:44  Drone  
  21  12:48  Drone  
  22  12:51  Drone  
  22  12:55  Drone  
  24  13:02  Drone, Extractor  
  24  13:04  Drone  
  25  13:14  Lair  
  25  13:21  Extractor  
  25  13:25  Drone x2  
  26  13:28  Extractor  
  26  13:29  Extractor  
  26  13:32  Drone x2  
  26  13:33  Drone  
  27  13:37  Overlord  
  27  13:43  Overlord  
  27  13:49  Drone  
  27  13:51  Drone x2  
  30  13:57  Drone x2  
  32  14:07  Overlord  
  32  14:10  Drone x3  
  32  14:15  Infestation Pit  
  32  14:16  Drone  
  35  14:18  Drone  
  36  14:25  Zergling x6  
  39  14:32  Zergling x6  
  42  14:46  Spore Crawler  
  42  14:47  Spine Crawler  
  42  14:49  Drone x2, Extractor  
  41  14:57  Overlord x2  
  41  15:02  Drone  
  42  15:07  Queen  
  42  15:14  Hydralisk Den  
  43  15:15  Drone  
  44  15:22  Drone x3  
  44  15:25  Infestor x2  
  44  15:26  Infestor x4  
  56  15:53  Hydralisk x5  
  65  16:08  Burrow  
  64  16:18  Hydralisk x2  
  68  16:41  Overlord x3, Hatchery  
  67  16:51  Hydralisk  
  51  17:45  Hydralisk  
  51  17:46  Hydralisk x2  
  55  18:12  Hydralisk x2  
  55  18:16  Drone x3  
  62  18:32  Spawning Pool  
  49  19:06  Overlord  
  49  19:07  Overlord x2  
  47  19:12  Hydralisk x3  
  49  19:25  Drone  
  49  19:29  Infestor  
  49  19:41  Lair  
  49  19:43  Infestor x5  
  59  19:50  Drone  
  60  19:57  Drone  
  61  20:00  Drone  
  61  20:01  Drone x2  
  61  20:04  Drone  
  65  20:12  Infestor x2, Hydralisk  
  65  20:13  Infestor  
  73  20:16  Pathogen Glands  
  73  20:22  Hydralisk x3  
  73  20:27  Infestor x2  
  85  20:46  Swarm Host  
  100  21:10  Swarm Host  
  106  21:12  Overlord x2  
  112  22:05  Overlord x2  
  112  22:06  Overlord x4  
  106  22:11  Hydralisk  
  108  22:50  Hydralisk x10  
  128  23:18  Hydralisk  
  128  23:19  Hydralisk x6  
Show
View Real Time Build Order
Export as new Build Order

Stealth Terran - Winner!

Build Orders:  

Get SALT Encoding   

  12  0:01  SCV  
  13  0:14  SCV  
  14  0:27  Supply Depot  
  14  0:29  SCV  
  15  0:49  SCV  
  16  0:56  Barracks  
  16  1:01  SCV  
  17  1:13  SCV  
  17  1:14  Refinery  
  17  1:16  Refinery  
  18  1:25  SCV  
  19  1:47  Supply Depot  
  19  1:49  SCV  
  20  2:04  Orbital Command  
  20  2:12  Factory  
  20  2:26  Marine  
  20  2:29  SCV  
  22  2:34  Supply Depot  
  22  2:42  SCV  
  23  2:44  Barracks Reactor  
  23  2:54  SCV  
  23  2:57  Starport  
  24  3:02  Supply Depot  
  24  3:06  SCV  
  25  3:16  Factory Tech Lab  
  25  3:18  SCV  
  26  3:30  Engineering Bay  
  26  3:46  Command Center, Cyclone x2  
  32  3:54  Raven  
  32  3:55  Marine  
  35  4:12  SCV  
  36  4:18  Missile Turret  
  36  4:26  Cyclone  
  39  4:31  Cyclone  
  39  4:37  SCV  
  43  4:47  Refinery  
  43  4:48  Supply Depot  
  43  4:49  SCV  
  44  4:58  Missile Turret  
  44  5:03  Cyclone  
  47  5:16  Medivac  
  47  5:18  Marine  
  50  5:35  Marine  
  50  5:39  Orbital Command  
  40  6:06  Barracks Reactor  
  40  6:18  Factory x2  
  40  6:20  Factory  
  38  6:51  Marine x2  
  40  6:58  SCV  
  41  7:09  Marine x2  
  41  7:10  SCV  
  41  7:23  SCV  
  41  7:28  Factory Tech Lab  
  41  7:29  Factory Tech Lab x2  
  38  7:40  Raven  
  38  7:42  Cyclone x2  
  45  7:52  Command Center  
  45  7:58  Armory  
  45  7:59  Armory  
  45  8:04  SCV x2  
  47  8:10  Siege Tank  
  47  8:11  Siege Tank  
  53  8:13  Hellion  
  53  8:15  Hellion x2, Marine  
  53  8:16  SCV, Marine  
  62  8:33  Marine  
  63  8:35  Hellion  
  67  8:41  Missile Turret  
  67  8:43  Missile Turret  
  65  9:03  Refinery  
  65  9:04  Thor  
  65  9:05  Missile Turret  
  65  9:06  Missile Turret  
  71  9:22  Missile Turret  
  71  9:23  Missile Turret  
  71  9:24  Thor  
  71  9:25  Siege Tank  
  71  9:26  Missile Turret  
  61  10:18  Siege Tank  
  61  10:19  Siege Tank x3  
  61  10:24  Refinery  
  61  10:25  Refinery, Orbital Command  
  61  10:26  SCV  
  61  10:27  SCV  
  63  10:38  SCV  
  63  10:39  SCV  
  65  10:51  Siege Tank x2, SCV x2  
  73  11:03  SCV x2  
  75  11:08  Siege Tank x2  
  81  11:12  SCV  
  81  11:15  SCV x2  
  84  11:24  SCV  
  85  11:37  Supply Depot  
  85  11:39  Supply Depot  
  85  11:43  Marine x2  
  85  11:44  SCV x3  
  90  11:56  SCV x3  
  90  12:00  Supply Depot  
  93  12:01  Marine x2  
  93  12:02  Supply Depot  
  95  12:09  Terran Vehicle Weapons Level 1, Terran Vehicle And Ship Armor Level 1  
  95  12:22  Siege Tank, Thor  
  98  12:23  Siege Tank  
  98  12:24  Command Center  
  98  12:25  Factory Tech Lab  
  107  12:44  Siege Tank  
  110  12:54  Thor  
  110  12:55  Siege Tank  
  119  13:05  Thor  
  125  13:16  Siege Tank  
  128  13:27  Siege Tank  
  131  13:37  Thor  
  137  13:41  Orbital Command  
  137  13:48  Siege Tank  
  137  13:49  Missile Turret, Siege Tank  
  143  14:23  Missile Turret  
  143  14:28  Missile Turret  
  143  14:29  Missile Turret x2  
  143  14:41  Orbital Command  
  125  15:55  Thor  
  94  17:09  Siege Tank x2, Thor x2  
  112  17:41  Siege Tank, Thor  
  121  17:52  Siege Tank, Thor  
  121  18:10  Refinery  
  121  18:13  Refinery, Siege Tank  
  124  18:24  Siege Tank, Thor  
  124  18:25  Command Center  
  133  18:31  Command Center  
  133  18:35  Thor  
  127  18:45  Siege Tank  
  127  18:48  Orbital Command  
  112  18:56  Siege Tank  
  115  19:07  Thor  
  121  19:14  SCV  
  122  19:18  Siege Tank x2  
  128  19:26  SCV  
  128  19:29  Hellbat  
  130  19:39  SCV  
  130  19:49  Raven  
  130  19:50  Siege Tank x2, Thor, Hellbat  
  130  19:51  SCV  
  147  20:06  Terran Vehicle Weapons Level 2  
  147  20:11  Thor  
  153  20:22  Siege Tank, Thor  
  159  20:40  Thor  
  165  20:54  Thor  
  171  21:20  Command Center  
  171  22:01  Supply Depot  
  171  22:02  Supply Depot x4  
  171  22:05  Terran Vehicle And Ship Armor Level 2, Supply Depot  
  171  22:25  Supply Depot  
Show
View Real Time Build Order
Export as new Build Order

wawa Protoss 

Build Orders:  

Get SALT Encoding   

  12  0:04  Probe (Chrono Boost)  
  13  0:14  Probe (Chrono Boost)  
  14  0:37  Pylon  
  14  0:40  Probe (Chrono Boost)  
  15  0:48  Assimilator  
  15  0:51  Assimilator  
  15  0:55  Probe (Chrono Boost)  
  16  1:06  Probe (Chrono Boost), Gateway  
  17  1:17  Probe (Chrono Boost)  
  18  1:19  Forge  
  18  1:27  Probe (Chrono Boost)  
  18  1:31  Pylon  
  19  1:57  Cybernetics Core  
  19  2:01  Probe (Chrono Boost)  
  20  2:27  Probe (Chrono Boost)  
  21  2:30  Zealot  
  23  2:49  Pylon  
  23  2:55  Stargate  
  23  2:58  Adept  
  25  3:13  Protoss Ground Weapons Level 1  
  25  3:27  Pylon  
  25  3:29  Adept (Chrono Boost)  
  27  3:42  Mothership Core  
  29  3:58  Stargate  
  29  4:15  Adept (Chrono Boost)  
  31  4:32  Pylon  
  35  4:48  Void Ray (Chrono Boost)  
  35  4:59  Void Ray (Chrono Boost)  
  43  5:31  Void Ray (Chrono Boost)  
  43  5:37  Stalker  
  45  5:43  Warp Gate  
  39  6:17  Void Ray (Chrono Boost)  
  47  6:20  Void Ray (Chrono Boost)  
  39  8:00  Void Ray (Chrono Boost)  
  39  8:03  Void Ray (Chrono Boost)  
  43  8:37  Void Ray (Chrono Boost)  
  51  8:53  Void Ray (Chrono Boost)  
  51  9:02  Protoss Air Weapons Level 1  
  51  9:14  Void Ray (Chrono Boost)  
  55  9:28  Nexus  
  40  10:19  Void Ray (Chrono Boost)  
  48  10:22  Void Ray (Chrono Boost)  
  48  10:36  Nexus  
  48  10:41  Pylon  
  48  10:46  Pylon  
  48  10:59  Void Ray (Chrono Boost)  
  56  11:05  Void Ray (Chrono Boost)  
  56  11:08  Pylon  
  56  11:11  Pylon  
  56  11:15  Pylon  
  56  11:30  Assimilator  
  56  11:34  Assimilator  
  56  11:40  Void Ray (Chrono Boost)  
  60  11:51  Fleet Beacon  
  60  11:56  Probe  
  61  12:06  Probe  
  62  12:17  Probe  
  62  12:18  Stargate  
  63  12:28  Probe  
  64  12:39  Probe  
  65  12:49  Probe  
  72  13:09  Carrier (Chrono Boost)  
  72  13:37  Carrier (Chrono Boost)  
  78  14:33  Carrier (Chrono Boost)  
  90  14:51  Carrier (Chrono Boost)  
  90  15:05  Carrier (Chrono Boost)  
  96  15:17  Pylon  
  96  15:22  Twilight Council  
  60  16:25  Carrier (Chrono Boost)  
  68  16:34  Carrier (Chrono Boost)  
  56  17:25  Void Ray (Chrono Boost)  
  54  17:55  Tempest (Chrono Boost)  
  66  18:29  Tempest (Chrono Boost)  
  56  19:11  Nexus  
  56  19:21  Pylon  
  56  19:25  Pylon  
  38  20:57  Resonating Glaives  
  44  21:21  Carrier (Chrono Boost)  
  50  21:29  Tempest (Chrono Boost)  
  50  21:56  Stalker  
  52  22:08  Gateway  
  52  22:16  Gateway  
  52  22:22  Pylon  
  58  22:49  Tempest (Chrono Boost)  
  52  22:53  Carrier (Chrono Boost)  
  52  22:56  Carrier (Chrono Boost)  
  64  23:38  Adept  
  64  23:40  Stalker  
  68  23:48  Forge  
Show
View Real Time Build Order
Export as new Build Order

AffIuent Protoss 

Build Orders:  

Get SALT Encoding   

  12  0:02  Probe (Chrono Boost)  
  13  0:14  Pylon  
  13  0:20  Probe (Chrono Boost)  
  14  0:27  Assimilator  
  14  0:30  Probe (Chrono Boost)  
  15  0:41  Probe (Chrono Boost)  
  16  0:46  Gateway  
  16  0:51  Probe (Chrono Boost)  
  17  0:59  Assimilator  
  17  1:02  Probe (Chrono Boost)  
  18  1:08  Pylon  
  18  1:12  Probe (Chrono Boost)  
  19  1:23  Probe (Chrono Boost)  
  20  1:25  Gateway  
  20  1:33  Probe (Chrono Boost)  
  20  1:36  Cybernetics Core  
  21  1:44  Probe (Chrono Boost)  
  22  1:49  Pylon  
  22  1:54  Probe (Chrono Boost)  
  23  2:05  Probe (Chrono Boost)  
  24  2:16  Mothership Core (Chrono Boost)  
  24  2:17  Warp Gate (Chrono Boost)  
  24  2:18  Stalker  
  24  2:20  Stalker  
  30  2:38  Gateway  
  30  2:53  Stalker  
  30  2:54  Sentry  
  30  2:57  Probe  
  35  3:01  Pylon  
  35  3:16  Forge  
  35  3:21  Sentry  
  35  3:23  Stalker  
  39  3:28  Stalker  
  39  3:31  Probe  
  42  3:38  Pylon  
  42  3:49  Protoss Ground Weapons Level 1 (Chrono Boost)  
  42  3:53  Stalker  
  44  4:00  Photon Cannon  
  44  4:12  Stalker x2  
  48  4:19  Photon Cannon  
  48  4:35  Stalker  
  48  4:36  Stalker  
  52  4:41  Stalker  
  54  5:27  Nexus  
  54  5:30  Probe  
  54  5:32  Protoss Ground Armor Level 1 (Chrono Boost)  
  55  5:47  Pylon  
  55  5:52  Pylon  
  55  6:06  Pylon  
  55  6:09  Probe  
  48  6:43  Stalker  
  48  6:44  Stalker x2  
  54  6:51  Probe  
  55  6:54  Assimilator  
  55  7:01  Probe  
  55  7:04  Pylon  
  56  7:12  Probe  
  55  7:22  Probe  
  56  7:33  Probe  
  57  7:43  Stalker x2  
  61  7:44  Stalker  
  61  7:49  Probe  
  64  7:52  Assimilator  
  64  7:57  Protoss Shields Level 1 (Chrono Boost)  
  64  7:59  Probe  
  65  8:10  Probe  
  64  8:25  Stalker x2  
  64  8:26  Stalker  
  68  9:09  Twilight Council, Probe  
  68  9:15  Pylon  
  69  9:18  Gateway  
  69  9:20  Probe  
  70  9:26  Pylon  
  70  9:30  Probe  
  70  9:31  Pylon, Stalker x2  
  70  9:32  Stalker  
  77  9:39  Gateway  
  77  9:40  Forge  
  77  9:41  Probe  
  78  9:50  Protoss Ground Weapons Level 2 (Chrono Boost)  
  78  9:52  Probe  
  78  9:55  Stalker x3  
  78  9:59  Templar Archives  
  85  10:01  Forge  
  85  10:03  Pylon  
  71  10:32  Protoss Ground Armor Level 2 (Chrono Boost), Psionic Storm, Probe  
  72  10:39  Nexus, Pylon  
  72  10:50  Robotics Facility  
  72  10:54  Protoss Shields Level 2 (Chrono Boost)  
  72  10:55  High Templar x3  
  78  10:57  High Templar  
  80  11:10  Assimilator  
  80  11:19  Pylon  
  80  11:24  Sentry  
  82  11:28  Sentry x2  
  86  11:44  High Templar  
  86  11:45  Stalker  
  90  11:55  Photon Cannon  
  90  11:57  Pylon  
  90  11:59  Photon Cannon  
  90  12:02  Photon Cannon  
  90  12:09  Probe, Observer  
  92  12:20  Probe  
  93  12:27  Pylon  
  93  12:30  Pylon  
  93  12:31  Probe  
  93  12:35  Warp Prism  
  96  12:39  High Templar, Stalker  
  96  12:40  Stalker x2  
  96  12:41  Probe  
  96  12:42  Stalker  
  107  12:48  Protoss Ground Weapons Level 3 (Chrono Boost)  
  107  12:49  Photon Cannon  
  107  12:55  Probe  
  108  12:58  Assimilator  
  108  13:02  Robotics Facility  
  108  13:17  Immortal  
  108  13:19  Robotics Bay  
  112  13:21  Pylon  
  112  13:24  Pylon  
  112  13:35  Stalker  
  112  13:36  Stalker x3  
  112  13:37  Stalker  
  122  13:52  Probe  
  123  13:57  Immortal  
  123  14:02  Probe  
  127  14:08  High Templar, Stalker  
  127  14:09  Stalker x2  
  136  14:38  Extended Thermal Lance (Chrono Boost)  
  136  14:39  Colossus  
  142  14:48  Sentry  
  142  14:50  Stalker x2  
  142  14:51  Stalker  
  150  15:22  Colossus  
  63  15:56  High Templar x2  
  67  15:57  Stalker  
  67  15:58  Stalker x2  
  73  16:15  Immortal  
  77  16:34  Assimilator  
  77  16:35  High Templar  
  77  16:36  Stalker x2  
  77  16:37  Assimilator, Stalker  
  77  16:38  Stalker  
  87  17:19  Stalker x3  
  87  17:20  Stalker x2  
  97  17:47  High Templar x2  
  97  17:48  High Templar  
  97  17:49  Stalker  
  51  18:09  Stalker  
  53  18:15  Immortal x2  
  61  18:25  Stalker x2  
  61  18:26  Stalker x2  
  69  18:37  Pylon  
  69  18:38  Pylon  
  69  18:51  Nexus  
  69  19:17  Stalker x2  
  69  19:18  Stalker x2  
  69  19:19  Stalker  
  69  19:41  Dark Shrine  
  69  19:47  High Templar x2  
  69  19:48  High Templar  
  69  19:50  Sentry  
  77  19:56  Pylon  
  77  19:57  Pylon  
  77  19:59  Pylon  
  77  20:35  Stalker x2  
  81  20:36  High Templar  
  81  20:40  Immortal (Chrono Boost)  
  87  21:00  Stalker x2  
  87  21:01  Stalker x2  
  86  21:13  Observer (Chrono Boost)  
  77  21:27  Probe  
  77  21:28  Observer (Chrono Boost)  
  78  21:37  Probe  
  83  21:40  Immortal (Chrono Boost)  
  83  21:41  High Templar, Stalker  
  83  21:42  Stalker x3  
  93  21:48  Probe  
  94  21:58  Probe  
  95  22:08  High Templar  
  95  22:09  Sentry  
  95  22:10  Stalker  
  95  22:11  Stalker  
  95  22:15  Probe  
  104  22:25  Probe  
  103  22:53  Sentry  
  103  22:54  High Templar, Stalker  
  103  22:55  Stalker x2  
  113  23:23  Probe  
  114  23:30  Photon Cannon  
  114  23:33  Probe  
Show
View Real Time Build Order
Export as new Build Order

Jake Terran 

Build Orders:  

Get SALT Encoding   

  12  0:02  SCV  
  13  0:15  SCV  
  14  0:27  Supply Depot  
  14  0:30  SCV  
  15  0:48  SCV  
  16  0:50  Barracks  
  16  1:00  SCV  
  17  1:13  SCV  
  18  1:19  Refinery  
  18  1:25  SCV, Supply Depot  
  19  1:37  SCV  
  20  1:51  Marine  
  20  1:53  Orbital Command  
  21  2:09  Marine  
  21  2:12  Barracks  
  22  2:20  Refinery  
  22  2:21  Barracks  
  22  2:23  Barracks  
  22  2:40  SCV  
  22  2:42  Marine  
  24  2:49  Factory  
  24  2:52  SCV  
  25  2:59  Marine  
  25  3:02  Supply Depot  
  25  3:04  SCV  
  27  3:13  Barracks Tech Lab  
  27  3:17  Marine  
  28  3:22  Marine x2  
  30  3:33  Engineering Bay  
  30  3:35  SCV, Marine  
  30  3:40  Marine  
  34  3:42  Barracks Reactor  
  34  3:45  Factory Tech Lab  
  34  3:48  Starport  
  33  4:02  Barracks Tech Lab  
  33  4:03  Marauder  
  35  4:11  Marine  
  35  4:13  Supply Depot  
  35  4:15  Siege Tank  
  39  4:29  Missile Turret  
  39  4:34  Marine x2  
  32  4:53  Marine  
  32  4:54  Marine x4  
  36  5:11  Marine x2  
  36  5:13  SCV  
  39  5:18  Missile Turret  
  35  5:27  SCV  
  36  5:37  Barracks Reactor  
  36  5:39  SCV  
  33  6:02  Marine x3  
  33  6:03  Marine  
  34  6:08  SCV  
  34  6:09  Starport Reactor  
  34  6:10  Terran Infantry Weapons Level 1  
  35  6:20  Marine  
  35  6:21  Marauder  
  30  6:40  Marine x2  
  30  6:41  Marauder, Marine x2  
  30  6:42  Marauder  
  36  6:53  Siege Tank  
  36  6:58  Marine  
  29  7:14  Marine x4  
  22  7:42  SCV  
  23  7:55  SCV  
  24  8:07  SCV  
  22  8:27  Command Center  
  22  8:29  SCV  
  23  8:35  Stimpack  
  23  8:37  Medivac x2  
  23  8:39  Siege Tank  
  23  8:41  SCV  
  31  8:53  SCV  
  32  9:05  SCV  
  33  9:16  Missile Turret  
  33  9:17  SCV  
  34  9:29  SCV  
  34  9:30  Marauder  
  37  9:32  Missile Turret  
  37  9:41  SCV  
  35  9:48  Marine x2  
  35  9:49  Marine x2  
  37  10:11  Medivac  
  37  10:19  Orbital Command  
  37  10:24  SCV  
  38  10:29  Medivac  
  40  10:36  SCV  
  41  10:44  Combat Shields  
  41  10:45  Refinery  
  41  10:47  Terran Infantry Armor Level 1  
  41  10:48  SCV  
  42  10:53  Engineering Bay  
  42  10:57  SCV  
  42  11:00  SCV, Supply Depot  
  44  11:09  SCV  
  45  11:12  SCV  
  46  11:21  SCV  
  46  11:24  SCV  
  48  11:33  SCV, Marine x3  
  48  11:34  Missile Turret, Marauder x2, Marine  
  48  11:36  SCV  
  58  11:42  Armory  
  58  11:45  SCV  
  59  11:48  SCV  
  59  11:50  Supply Depot  
  60  11:58  SCV  
  61  12:10  Command Center  
  61  12:12  Siege Tank  
  61  12:13  Supply Depot  
  64  12:16  Supply Depot  
  64  12:17  SCV  
  64  12:19  Refinery  
  65  12:25  Concussive Shells  
  65  12:27  Medivac  
  67  12:30  Viking  
  69  12:45  Marine x3  
  69  12:46  Marauder, Marine x2  
  69  12:50  Terran Infantry Weapons Level 2  
  76  12:53  Terran Infantry Armor Level 2  
  76  12:58  SCV x2  
  78  13:06  Supply Depot  
  78  13:10  SCV  
  78  13:12  Medivac x2  
  83  13:13  Marine  
  83  13:14  Marine  
  85  13:23  SCV x3  
  88  13:27  Marine x2  
  90  13:35  SCV  
  91  13:49  SCV x2  
  91  13:50  SCV  
  91  13:55  Missile Turret  
  93  13:56  Marauder  
  93  13:57  Marauder  
  93  13:58  Marine x2  
  93  14:01  SCV x2, Marine  
  93  14:02  SCV  
  103  14:05  Viking  
  105  14:13  SCV, Marine  
  105  14:16  Missile Turret, Marine x2  
  109  14:19  Supply Depot  
  109  14:40  Marine x3  
  109  14:41  Marauder x2  
  116  15:01  Missile Turret  
  116  15:02  Refinery  
  116  15:07  Supply Depot  
  116  15:08  Supply Depot  
  116  15:10  Supply Depot  
  116  15:12  Marine  
  117  15:23  Missile Turret  
  117  15:29  Viking x2, Marine x4  
  117  15:30  Marauder  
  118  15:45  Marine  
  118  15:46  Marine x3  
  118  15:47  Marauder  
  119  15:51  Marauder  
  100  15:59  Viking  
  100  16:02  Marine  
  82  16:04  Marine x3  
  82  16:08  Marauder  
  85  16:12  Marauder  
  85  16:18  Thor  
  88  16:19  Medivac  
  88  16:20  Marine  
  88  16:22  Marine x3  
  81  16:26  SCV x3  
  81  16:29  Refinery, Medivac  
  81  16:30  Marauder  
  85  16:34  Marauder  
  85  16:39  Barracks  
  84  16:43  Barracks  
  84  16:46  Marine x4  
  84  16:51  Marauder  
  85  16:55  Marauder  
  85  16:56  Viking  
  81  17:04  Marine  
  81  17:08  Terran Infantry Weapons Level 3  
  52  17:22  Marine  
  52  17:23  Marauder, Marine x3  
  52  17:24  Marauder  
  60  17:40  Marine x2  
  61  17:45  Marauder  
  61  17:47  Marine x3  
  62  18:13  Marine x2  
  54  18:59  Marine x3  
  54  19:00  Marauder x2, Marine  
  54  19:02  Marine  
  63  19:17  Marine x2  
  63  19:21  Marauder  
  63  19:22  Marine x3  
  63  19:23  Marauder  
  70  19:34  Marine  
  70  19:38  Medivac  
  73  19:42  Marauder  
  75  20:29  Command Center  
  75  20:44  Medivac  
  75  20:45  Medivac  
  79  21:09  Orbital Command  
  79  21:14  Medivac  
  79  21:15  Terran Vehicle Weapons Level 1  
  81  21:50  Orbital Command  
  81  21:56  Marauder, Marine x3  
  81  21:57  Marauder, Marine x2  
  90  22:11  Refinery  
  90  22:14  Marine x2  
  90  22:15  Marine  
  93  22:18  Marauder x2, Barracks Reactor  
  93  22:19  Marine  
  93  22:21  Medivac  
  93  22:22  Viking  
  102  22:31  Marine  
  102  22:32  Marine  
  104  22:38  Marine x2  
  104  22:39  Marauder  
  104  22:40  Marauder  
  56  22:49  Marine  
  56  22:50  Marine  
  48  23:01  Marauder x2  
  52  23:22  Marauder  
Tags
 
Add a new tag
Caveats
  • Supply blocks, unpowered buildings, or Contaminate may cause inaccurate times.
  • Supply counts are checked every 10 seconds.